 Dungeon Sprint DCSS version 0.22-b1-26-g9dbaab1 (webtiles) character file.

1803 Lilu the Impaler (level 8, -2/90 HPs)
             Began as a Minotaur Fighter on Aug 6, 2018.
             Was a Believer of Okawaru.
             Slain by a ten-headed hydra (7 damage)
             ... in the Dungeon (Sprint IX: "|||||||||||||||||||||||||||||").
             The game lasted 00:04:44 (689 turns).

Lilu the Impaler (Minotaur Fighter)                  Turns: 689, Time: 00:04:45

Health: -2/90      AC: 10    Str: 22    XL:     8   Next: 83%
Magic:  10/10      EV: 11    Int:  5    God:    Okawaru [**....]
Gold:   15         SH:  0    Dex: 14    Spells: 7/7 levels left

rFire    . . .     SeeInvis .   q - +2 halberd (venom)
rCold    . . .     Gourm    .   (shield currently unavailable)
rNeg     . . .     Faith    .   t - +1 scale mail
rPois    .         Spirit   .   (helmet restricted)
rElec    .         Reflect  .   r - +0 cloak
rCorr    .         Harm     .   (no gloves)
MR       .....     NoTele   +   s - +0 pair of boots
Stlth    ..........             (no amulet)
HPRegen  0.25/turn              u - +3 ring of dexterity
MPRegen  0.12/turn              v - +2 ring of evasion

@: hasted, very quick
A: retaliatory headbutt, horns 2
a: Heroism, Renounce Religion


You were in the Dungeon.
You worshipped Okawaru.
Okawaru was pleased with you.
You were not hungry.

You visited 1 branch You collected 15 gold pieces.

Inventory:

Hand Weapons
 a - a +0 trident
 q - a +2 halberd of venom (weapon)
Armour
 c - a +0 shield
 r - a +0 cloak (worn)
 s - a +0 pair of boots (worn)
 t - a +1 scale mail (worn)
Jewellery
 u - a +3 ring of dexterity (left hand)
 v - a +2 ring of evasion (right hand)
Wands
 p - a wand of iceblast (10)
Scrolls
 k - 3 scrolls of blinking
 n - 4 scrolls of remove curse
 o - 2 scrolls of amnesia
 x - 4 scrolls of fear
 y - 2 scrolls of enchant weapon
Potions
 d - a potion of might
 e - 5 potions of curing
 g - 4 potions of heal wounds
 i - 4 potions of magic
 j - 2 potions of berserk rage
 l - a potion of brilliance
 m - a potion of invisibility
 w - a potion of resistance
Comestibles
 f - a ration


   Skills:
 + Level 14.6 Fighting
 - Level 16.5 Polearms
 - Level 3.6 Armour
 - Level 3.6 Shields
 - Level 4.4 Invocations


You had 7 spell levels left.
You didn't know any spells.
Your spell library was empty.

Dungeon Overview and Level Annotations

Branches:
Dungeon (1/1)

Altars:
Cheibriados
Dithmenos
Elyvilon
Fedhas
Gozag
Hepliaklqana
Kikubaaqudgha
Makhleb
Nemelex Xobeh
Okawaru
Qazlal
Ru
Sif Muna
Trog
Uskayaw
Vehumet
Wu Jian
Xom
Yredelemnul
Zin
The Shining One
Beogh
Jiyva
Lugonu


Innate Abilities, Weirdness & Mutations

You reflexively headbutt those who attack you in melee.
You have a pair of horns on your head.


Message History

The ten-headed hydra bites you.
The ten-headed hydra closely misses you.
The ten-headed hydra bites you!
The ten-headed hydra bites you but does no damage.
The ten-headed hydra bites you.
* * * LOW HITPOINT WARNING * * *
The ten-headed hydra bites you!
* * * LOW HITPOINT WARNING * * *
The ten-headed hydra bites you!
* * * LOW HITPOINT WARNING * * *
You are too injured to fight recklessly!
Wield which item (- for none, * to show all)? (? for menu, Esc to quit)
Okay, then.
You feel yourself speed up. The ten-headed hydra bites you.
* * * LOW HITPOINT WARNING * * *
The ten-headed hydra bites you but does no damage.
The ten-headed hydra bites you.
* * * LOW HITPOINT WARNING * * *
The ten-headed hydra bites you!
You die...

▓▓▓▓▓▓▓▓▓▓▓▓▓▓▓▓▓▓▓▓▓▓▓▓▓▓▓
.....HFFlD@.)(.....!'......
▓▓▓▓▓▓▓▓▓▓▓▓▓▓▓▓▓▓▓▓▓▓▓▓▓▓▓▓▓▓▓▓▓
.................................
▓▓▓▓▓▓▓▓▓▓▓▓▓▓▓▓▓▓▓▓▓▓▓▓▓▓▓▓▓▓▓▓▓
_________________'.....÷.....)...
▓▓▓▓▓▓▓▓▓▓▓▓▓▓▓▓▓▓▓▓▓▓▓▓▓▓▓▓▓▓▓▓▓


You could see a ten-headed hydra, a hippogriff, a spiny frog, a basilisk and a
bullfrog.

Vanquished Creatures
  An ugly thing (D)
  A cyclops (D)
  A hippogriff (D)
  A shadow (D)
  A wraith (D)
  A vampire mosquito (D)
  A porcupine (D)
  A sky beast (D)
  A crocodile (D)
  A big kobold (D)
  A scorpion (D)
  A hound (D)
  An orc wizard (D)
  2 adder zombies (D)
  A dart slug (D)
  2 leopard geckos (D)
  A hobgoblin (D)
  2 quokkas (D)
  A ball python zombie (D)
  A goblin (D)
  A kobold (D)
24 creatures vanquished.

Vanquished Creatures (others)
  A spatial maelstrom (D)
1 creature vanquished.

Grand Total: 25 creatures vanquished

Notes
Turn   | Place    | Note
-------+----------+-------------------------------------------
     0 | D        | Lilu the Minotaur Fighter began the quest for the Orb.
     0 | D        | Reached XP level 1. HP: 19/19 MP: 0/0
     2 | D        | Banished a spatial maelstrom
     6 | D        | Reached skill level 5 in Fighting
    24 | D        | Noticed a hound
    24 | D        | Noticed a scorpion
    25 | D        | Reached XP level 2. HP: 30/30 MP: 1/1
    30 | D        | Killed a scorpion
    30 | D        | Reached XP level 3. HP: 27/44 MP: 2/2
    37 | D        | Reached skill level 10 in Fighting
    37 | D        | Reached XP level 4. HP: 27/53 MP: 3/3
   216 | D        | Found a roughly hewn altar of Beogh.
   216 | D        | Found a snail-covered altar of Cheibriados.
   216 | D        | Found a shadowy altar of Dithmenos.
   216 | D        | Found a white marble altar of Elyvilon.
   216 | D        | Found a blossoming altar of Fedhas.
   216 | D        | Found an opulent altar of Gozag.
   217 | D        | Found a hazy altar of Hepliaklqana.
   218 | D        | Found a viscous altar of Jiyva.
   219 | D        | Found an ancient bone altar of Kikubaaqudgha.
   220 | D        | Found a corrupted altar of Lugonu.
   221 | D        | Found a burning altar of Makhleb.
   222 | D        | Found a sparkling altar of Nemelex Xobeh.
   223 | D        | Found an iron altar of Okawaru.
   224 | D        | Found a stormy altar of Qazlal.
   225 | D        | Found a sacrificial altar of Ru.
   226 | D        | Found a deep blue altar of Sif Muna.
   227 | D        | Found a bloodstained altar of Trog.
   228 | D        | Found a hide-covered altar of Uskayaw.
   229 | D        | Found a radiant altar of Vehumet.
   230 | D        | Found an ornate altar of the Wu Jian Council.
   231 | D        | Became a worshipper of Warmaster Okawaru
   232 | D        | Found a shimmering altar of Xom.
   233 | D        | Found a basalt altar of Yredelemnul.
   234 | D        | Found a glowing silver altar of Zin.
   235 | D        | Found a glowing golden altar of the Shining One.
   296 | D        | Noticed a wraith
   296 | D        | Noticed a hippogriff
   296 | D        | Noticed a big kobold
   302 | D        | Reached skill level 5 in Polearms
   315 | D        | Killed a big kobold
   315 | D        | Reached skill level 8 in Polearms
   315 | D        | Reached XP level 5. HP: 52/59 MP: 4/4
   318 | D        | Killed a hippogriff
   318 | D        | Reached * piety under Okawaru
   318 | D        | Reached skill level 12 in Polearms
   318 | D        | Reached XP level 6. HP: 42/67 MP: 5/5
   324 | D        | Killed a wraith
   324 | D        | Reached skill level 14 in Polearms
   438 | D        | Noticed a green ugly thing
   438 | D        | Noticed a cyclops
   438 | D        | Noticed a shadow
   438 | D        | Noticed a vampire mosquito
   438 | D        | Noticed a sky beast
   439 | D        | Killed a sky beast
   439 | D        | Reached ** piety under Okawaru
   439 | D        | Reached XP level 7. HP: 74/74 MP: 5/7
   445 | D        | Killed a vampire mosquito
   448 | D        | Killed a shadow
   454 | D        | Killed a cyclops
   454 | D        | Reached skill level 15 in Polearms
   454 | D        | Reached XP level 8. HP: 25/86 MP: 4/10
   457 | D        | Killed a green ugly thing
   457 | D        | Reached skill level 16 in Polearms
   678 | D        | Noticed a spiny frog
   678 | D        | Noticed an eight-headed hydra
   684 | D        | Noticed a hippogriff
   689 | D        | Slain by a ten-headed hydra

Skill      XL: |  1  2  3  4  5  6  7  8 |
---------------+-------------------------+-----
Fighting       | 6 9 10 11 13 14 | 14.6
Polearms       | 8 12 14 15 16 | 16.5
Invocations    | 2 4 |  4.4
Armour         | |  3.6
Shields        | |  3.6

Action                   |  1- 3 |  4- 6 |  7- 9 || total
-------------------------+-------+-------+-------++-------
Melee: Trident           |    21 |     3 |       ||    24
       Headbutt          |     2 |     7 |     6 ||    15
       Halberd           |       |    21 |    22 ||    43
Invok: Heroism           |       |     1 |     1 ||     2
  Use: Potion            |       |       |     2 ||     2
Armor: Scale mail        |     7 |    12 |     6 ||    25
Dodge: Dodged            |     4 |    10 |    10 ||    24
Block: Shield            |     4 |       |       ||     4
